 Dungeon Crawl Stone Soup version 0.31-a0-237-g2d982f9f85 (webtiles) character file.

Game seed: 7137610589684931472

12757 qw the Marksminotaur (level 11, -8/100 HPs)
             Began as a Minotaur Hexslinger on July 10, 2023.
             Was a Priest of Okawaru.
             Mangled by a two-headed ogre
             ... wielding a +0 giant club
              (12 damage)
             ... on level 14 of the Dungeon.
             The game lasted 00:05:06 (10952 turns).

qw the Marksminotaur (Minotaur Hexslinger)         Turns: 10952, Time: 00:05:07

Health: -8/100     AC: 18    Str: 13    XL:     11   Next: 66%
Magic:  13/13      EV: 17    Int: 10    God:    Okawaru [***...]
Gold:   730        SH:  0    Dex: 19    Spells: 11/12 levels left

rFire   . . .        k - +0 orcbow
rCold   . . .        (shield currently unavailable)
rNeg    . . .        i - +0 swamp dragon scales
rPois   +            (helmet restricted)
rElec   .            c - +1 cloak "Ivemic" {+Inv Dex+2}
rCorr   +            g - +2 pair of gloves
SInv    .            o - +0 pair of boots
Will    .....        p - amulet of faith
Stlth   ++           q - ring of resist corrosion
HPRegen 0.36/turn    (no ring)
MPRegen 0.13/turn

%: faith
@: heroic
A: horns 2, retaliatory headbutt
a: Renounce Religion, Evoke Invisibility, Heroism


You were on level 14 of the Dungeon.
You worshipped Okawaru.
Okawaru was most pleased with you.
You visited 2 branches of the dungeon, and saw 13 of its levels.

You collected 730 gold pieces.


Innate Abilities, Weirdness & Mutations

You have a pair of horns on your head.
You reflexively headbutt those who attack you in melee.


   Skills:
 - Level 10.2(15.2) Fighting
 - Level 15.0(20.0) Ranged Weapons
 - Level 7.7(12.7) Armour
 + Level 6.1(11.1) Dodging
 - Level 1.0 Spellcasting
 - Level 2.0 Hexes
 - Level 4.6 Invocations


You had 11 spell levels left.
You knew the following spells:

 Your Spells              Type           Power      Damage    Failure   Level
a - Slow                  Hex            16%        N/A       26%         1

Your spell library contained the following spells:

 Spells                   Type           Power      Damage    Failure   Level
 Inner Flame              Hex/Fire       2%         N/A       75%         3
 Portal Projectile        Hex/Tloc       4%         N/A       75%         3
 Cause Fear               Hex            2%         N/A       95%         4

Inventory:

Hand Weapons
 k - a +0 orcbow (weapon)
Armour
 c - the +1 cloak "Ivemic" (worn) {+Inv Dex+2}
   (You found it on level 3 of the Dungeon)

   Dex:       It affects your dexterity (+2).
   +Inv:      It lets you turn invisible.
 g - a +2 pair of gloves (worn)
 i - +0 swamp dragon scales (worn)
 l - a +1 robe of fire resistance
 o - a +0 pair of boots (worn)
 r - a +0 troll leather armour
Jewellery
 h - the amulet of Elemental Vulnerability {rPois rF-- rC-- AC+8}
   (You found it on level 2 of the Dungeon)

   [amulet of nothing]

   AC:        It affects your AC (+8).
   rF:        It makes you very vulnerable to fire.
   rC:        It makes you very vulnerable to cold.
   rPois:     It protects you from poison.
 p - an amulet of faith (around neck)
 q - a ring of resist corrosion (left hand)
Scrolls
 a - 5 scrolls of identify
Potions
 b - a potion of magic
 d - a potion of cancellation
 e - 2 potions of curing
 f - 4 potions of haste
 j - 2 potions of enlightenment
 m - a potion of mutation
 n - a potion of might

Dungeon Overview and Level Annotations

Branches:
Dungeon (11/15)            Temple (1/1) D:7             Orc (0/2) D:10
   Lair: D:8-11

Altars:
Ashenzari
Cheibriados
Dithmenos
Elyvilon
Fedhas
Gozag
Hepliaklqana
Kikubaaqudgha
Makhleb
Nemelex Xobeh
Okawaru
Qazlal
Ru
Sif Muna
Trog
Uskayaw
Vehumet
Wu Jian
Xom
Yredelemnul
Zin
The Shining One
Jiyva

Annotations:
D:8 3 runed translucent doors, qw's ghost, novice MiHs


Message History

The two-headed ogre misses you. The two-headed ogre barely misses you.
Something hits you but does no damage. The two-headed ogre closely misses you.
You furiously retaliate!
You headbutt the two-headed ogre. The two-headed ogre closely misses you.
The two-headed ogre hits you with a +0 giant club!
The two-headed ogre hits you with a +0 giant club.
You shoot an arrow.
The arrow barely misses the two-headed ogre.
The two-headed ogre hits you with a +0 giant spiked club.
The two-headed ogre barely misses you.
You shoot an arrow. The arrow hits the two-headed ogre!
You kill the two-headed ogre!
Okawaru is honoured by your kill.
Okawaru will now gift you throwing weapons as you gain piety.
The two-headed ogre barely misses you.
The two-headed ogre hits you with a +0 giant club!
Something barely misses you. The two-headed ogre barely misses you.
The two-headed ogre misses you.
The two-headed ogre hits you with a +0 giant club!!
The two-headed ogre barely misses you.
Your base Armour skill increases to level 7!
You shoot an arrow.
The arrow barely misses the two-headed ogre.
You shoot an arrow.
The arrow completely misses the two-headed ogre.
The two-headed ogre barely misses you. The two-headed ogre misses you.
The two-headed ogre barely misses you. x2; Something hits you.
The two-headed ogre closely misses you. x2
You shoot an arrow. The arrow hits the two-headed ogre.
The two-headed ogre is severely wounded.
You shoot an arrow. The arrow hits the two-headed ogre.
The two-headed ogre is severely wounded.
Something hits you but does no damage.
The two-headed ogre completely misses you.
The two-headed ogre hits you with a +0 giant club.
The two-headed ogre completely misses you.
You furiously retaliate!
You headbutt the two-headed ogre.
The two-headed ogre completely misses you.
The two-headed ogre hits you with a +0 giant club!
You die...

#....# #....+ #....#
###+####.
#....#########......~~
#....##.....##....).~~
#....##.....##......~~
#....##.....##..{...~~
#....##.....##O)......
###.........'O@O....~~
#.........##.?....~~
#........########.~~
#........####### ~
#...............
#...............
#...........)...
#......#########
#......#


You could see 3 two-headed ogres.

Vanquished Creatures
  Erolcha (D:11)
  5 two-headed ogres
  Pikel (D:8)
  An ugly thing (D:8)
  A gargoyle (D:10)
  An unseen horror (D:10)
  Maggie (D:8)
  A kobold demonologist (D:10)
  2 trolls (D:11)
  Prince Ribbit (D:8)
  Sigmund (D:5)
  4 shadows
  9 yaks
  A water elemental (D:14)
  2 steam dragons
  2 vampire mosquitoes (D:10)
  2 water moccasins (D:7)
  An ice beast (D:8)
  4 orc warriors
  A sky beast (D:6)
  6 ogres
  A centaur (D:7)
  A lemure (D:8)
  4 kobold brigands
  3 phantoms (D:4)
  Blork the orc (D:4)
  2 bullfrogs
  A scorpion (D:4)
  3 wights (D:9)
  8 killer bees
  An electric eel (D:9)
  4 jellies
  A bullfrog zombie (D:4)
  A centaur zombie (D:4)
  A gnoll bouda (D:7)
  8 orc priests
  2 hounds
  4 iguanas
  4 sleepcaps
  13 orc wizards
  3 hound zombies (D:4)
  A hound skeleton (D:4)
  A howler monkey zombie (D:4)
  3 gnolls (D:7)
  7 adders
  A shadow imp (D:6)
  A white imp (D:6)
  3 ufetubi (D:4)
  4 adder zombies (D:4)
  A dart slug (D:5)
  60 orcs
  4 ball pythons
  6 endoplasms
  2 giant cockroaches
  12 goblins
  9 hobgoblins
  11 jackals
  3 quokkas
  3 bats
  3 frilled lizards
  30 kobolds
  3 rats (D:1)
282 creatures vanquished.

Notes
Turn   | Place    | Note
-------+----------+-------------------------------------------
     0 | D:1      | qw the Minotaur Hexslinger began the quest for the Orb.
     0 | D:1      | Reached XP level 1. HP: 16/16 MP: 1/1
     0 | D:1      | 0 ||| qw: Version: 0.3-a-52-g30416fa
     0 | D:1      | 0 ||| qw: Game counter: 5209
     0 | D:1      | 0 ||| qw: Melee chars always use a shield: true
     0 | D:1      | 0 ||| qw: God list: Okawaru
     0 | D:1      | 0 ||| qw: Allow faded altars: false
     0 | D:1      | 0 ||| qw: Do Orc after clearing Dungeon:15 true
     0 | D:1      | 0 ||| qw: Do second Lair branch before Depths: true
     0 | D:1      | 0 ||| qw: Lair rune preference: random
     0 | D:1      | 0 ||| qw: Goals: Normal
     0 | D:1      | 0 ||| PLANNING D:1-11
    96 | D:1      | Reached skill level 3 in Ranged Weapons
   111 | D:1      | Reached XP level 2. HP: 23/23 MP: 2/2
   399 | D:1      | Found a faded altar of an unknown god.
   476 | D:1      | 476 ||| UPGRADING to +2 pair of gloves.
   481 | D:1      | 481 ||| READING 3 scrolls labelled NIUPPU FYGOEB.
   482 | D:1      | 482 ||| DRINKING 2 dark potions.
   483 | D:1      | 483 ||| READING 2 scrolls of identify.
   483 | D:1      | 483 ||| IDENTIFYING silvery potion
   484 | D:1      | 484 ||| DROPPING scroll of poison.
   502 | D:2      | Found a sparkling altar of Nemelex Xobeh.
   511 | D:2      | 511 ||| SWAPPING to +1 antimagic sling.
   512 | D:2      | 512 ||| DROPPING +1 sling.
   528 | D:2      | Reached XP level 3. HP: 29/29 MP: 1/3
   555 | D:2      | Found the amulet of Elemental Vulnerability {rPois rF--
                  | rC-- AC+8}
   668 | D:2      | Reached skill level 4 in Ranged Weapons
   856 | D:2      | 856 ||| UPGRADING to +0 leather armour.
   866 | D:2      | 866 ||| DROPPING +0 robe.
   867 | D:2      | 867 ||| UPGRADING to amulet of Elemental Vulnerability
                  | {rPois rF-- rC-- AC+8}.
   872 | D:2      | 872 ||| DRINKING 2 black potions.
   873 | D:2      | 873 ||| READING 2 scrolls of identify.
   873 | D:2      | 873 ||| IDENTIFYING bubbling silvery potion
   909 | D:3      | Identified the +1 cloak "Ivemic" {+Inv Dex+2}
   996 | D:3      | Reached XP level 4. HP: 33/36 MP: 1/4
  1468 | D:3      | Reached skill level 5 in Ranged Weapons
  1865 | D:3      | 1865 ||| UPGRADING to +1 cloak "Ivemic" {+Inv Dex+2}.
  1870 | D:3      | 1870 ||| UPGRADING to +0 ring mail.
  1880 | D:3      | 1880 ||| DROPPING +0 leather armour.
  1881 | D:3      | 1881 ||| READING scroll labelled ESUAMA MOUZUNK.
  1882 | D:3      | 1882 ||| READING scroll labelled CECOCK ENOZXOHIAQ.
  1887 | D:3      | 1887 ||| READING 3 scrolls labelled KEWIOL NEO.
  1888 | D:3      | 1888 ||| DROPPING 2 scrolls of immolation.
  1947 | D:4      | Reached skill level 1 in Armour
  1947 | D:4      | Reached XP level 5. HP: 42/44 MP: 1/5
  1990 | D:4      | Noticed a phantom
  2000 | D:4      | Reached skill level 3 in Fighting
  2016 | D:4      | Killed a phantom
  2036 | D:4      | Reached skill level 6 in Ranged Weapons
  2036 | D:4      | Reached XP level 6. HP: 40/51 MP: 2/6
  2459 | D:4      | Reached skill level 7 in Ranged Weapons
  2472 | D:4      | Reached XP level 7. HP: 59/59 MP: 2/7
  2605 | D:4      | Noticed Blork the orc
  2623 | D:4      | Killed Blork the orc
  2690 | D:4      | Reached skill level 8 in Ranged Weapons
  3147 | D:4      | 3147 ||| READING scroll labelled HUTRAUTRERCH.
  3148 | D:4      | 3148 ||| READING scroll labelled RIUSUT SOPHAAK.
  3149 | D:4      | 3149 ||| READING scroll labelled RAICHA OTWUU.
  3150 | D:4      | 3150 ||| READING 3 scrolls of identify.
  3150 | D:4      | 3150 ||| IDENTIFYING bubbling golden potion
  3151 | D:4      | 3151 ||| READING 2 scrolls of identify.
  3151 | D:4      | 3151 ||| IDENTIFYING emerald potion
  3152 | D:4      | 3152 ||| DROPPING potion of degeneration.
  3219 | D:5      | Entered Level 5 of the Dungeon
  3339 | D:5      | Reached skill level 3 in Dodging
  3362 | D:5      | Found an ornate altar of the Wu Jian Council.
  3362 | D:5      | Noticed Sigmund
  3376 | D:5      | Reached XP level 8. HP: 57/68 MP: 2/8
  3377 | D:5      | 3377 ||| DRINKING 2 potions of curing.
  3377 | D:5      | 3377 ||| (to cure confusion)
  3403 | D:5      | 3403 ||| FLEEEEING.
  3404 | D:5      | 3404 ||| FLEEEEING.
  3413 | D:5      | 3413 ||| FLEEEEING.
  3414 | D:5      | 3414 ||| FLEEEEING.
  3415 | D:5      | 3415 ||| FLEEEEING.
  3416 | D:5      | 3416 ||| FLEEEEING.
  3417 | D:5      | 3417 ||| FLEEEEING.
  3418 | D:5      | 3418 ||| FLEEEEING.
  3419 | D:5      | 3419 ||| STAIRDANCE
  3526 | D:4      | 3526 ||| READING scroll labelled CAPNIWEICHA.
  3535 | D:5      | 3535 ||| STAIRDANCE
  3575 | D:5      | 3575 ||| DRINKING potion of curing.
  3575 | D:5      | 3575 ||| (to cure confusion)
  3583 | D:5      | Killed Sigmund
  3584 | D:5      | Reached skill level 9 in Ranged Weapons
  3702 | D:5      | Reached skill level 6 in Fighting
  4175 | D:5      | 4175 ||| READING scroll labelled GONGUNATSIC.
  4176 | D:5      | 4176 ||| READING 2 scrolls of identify.
  4176 | D:5      | 4176 ||| IDENTIFYING clear potion
  4177 | D:5      | 4177 ||| DROPPING potion of lignification.
  4558 | D:6      | Reached skill level 10 in Ranged Weapons
  4603 | D:6      | Reached skill level 3 in Armour
  4838 | D:6      | HP: 3/71 [steam dragon/ball of steam (19)]
  4839 | D:6      | 4839 ||| DRINKING 4 potions of heal wounds.
  4840 | D:6      | 4840 ||| DRINKING 3 potions of heal wounds.
  4843 | D:6      | 4843 ||| DRINKING 2 potions of heal wounds.
  5018 | D:6      | Reached XP level 9. HP: 79/79 MP: 3/9
  5429 | D:6      | 5429 ||| UPGRADING to +0 steam dragon scales.
  5439 | D:6      | 5439 ||| DROPPING +0 ring mail.
  5440 | D:6      | 5440 ||| READING 2 scrolls labelled WUTUSA DYEFU.
  5441 | D:6      | 5441 ||| READING scroll of brand weapon.
  5441 | D:6      | 5441 ||| BRANDING +1 sling of freezing.
  5632 | D:7      | Found a burning altar of Makhleb.
  5732 | D:7      | 5732 ||| SWAPPING to +0 shortbow.
  5733 | D:7      | 5733 ||| DROPPING +1 sling of draining.
  5758 | D:7      | Found a staircase to the Ecumenical Temple.
  5759 | D:7      | 5759 ||| PLANNING TEMPLE
  5759 | D:7      | 5759 ||| READING scroll labelled RETEDD PEAHU.
  5860 | D:7      | 5860 ||| DRINKING 2 glowing coppery potions.
  5869 | Temple   | Entered the Ecumenical Temple
  5956 | Temple   | 5956 ||| PLANNING OKAWARU WORSHIP
  6017 | Temple   | Became a worshipper of Warmaster Okawaru
  6018 | Temple   | 6018 ||| PLANNING D:1-11
  6551 | D:7      | 6551 ||| READING 4 scrolls of identify.
  6551 | D:7      | 6551 ||| IDENTIFYING fuming silvery potion
  6552 | D:7      | 6552 ||| READING 3 scrolls of identify.
  6552 | D:7      | 6552 ||| IDENTIFYING white potion
  6553 | D:7      | 6553 ||| READING 2 scrolls of identify.
  6553 | D:7      | 6553 ||| IDENTIFYING glowing purple potion
  6554 | D:7      | 6554 ||| DROPPING potion of attraction.
  6555 | D:7      | 6555 ||| DROPPING potion of berserk rage.
  6632 | D:8      | Reached skill level 11 in Ranged Weapons
  6662 | D:8      | HP: 13/79 [yak (7)]
  6663 | D:8      | 6663 ||| DRINKING potion of heal wounds.
  6667 | D:8      | HP: 19/79 [yak (6)]
  6668 | D:8      | Reached * piety under Okawaru
  6669 | D:8      | 6669 ||| INVOKING Heroism.
  6676 | D:8      | Reached skill level 12 in Ranged Weapons
  6805 | D:8      | 6805 ||| INVOKING Heroism.
  6901 | D:8      | Noticed a cyan ugly thing
  6916 | D:8      | 6916 ||| INVOKING Heroism.
  6916 | D:8      | HP: 19/79 [cyan ugly thing (15)]
  6918 | D:8      | HP: 3/79 [cyan ugly thing (15)]
  6928 | D:8      | Killed a cyan ugly thing
  7177 | D:8      | Found a runed translucent gate.
  7177 | D:8      | Found a runed translucent gate.
  7177 | D:8      | Found a runed translucent gate.
  7179 | D:8      | Noticed qw's ghost (novice MiHs)
  7226 | D:8      | 7226 ||| INVOKING Heroism.
  7262 | D:8      | Noticed Pikel
  7263 | D:8      | 7263 ||| INVOKING Heroism.
  7264 | D:8      | 7264 ||| INVOKING Heroism.
  7271 | D:8      | Killed Pikel
  7272 | D:8      | Reached skill level 1 in Invocations
  7272 | D:8      | Reached XP level 10. HP: 82/90 MP: 7/10
  7311 | D:8      | Noticed Prince Ribbit
  7323 | D:8      | Killed Prince Ribbit
  7347 | D:8      | Noticed Maggie
  7358 | D:8      | 7358 ||| INVOKING Heroism.
  7364 | D:8      | Killed Maggie
  7365 | D:8      | Reached skill level 6 in Dodging
  7494 | D:8      | Found a faded altar of an unknown god.
  7494 | D:8      | Found a sparkling altar of Nemelex Xobeh.
  7511 | D:8      | Reached skill level 3 in Invocations
  7517 | D:8      | Found a faded altar of an unknown god.
  7519 | D:8      | Found a shadowy altar of Dithmenos.
  7521 | D:8      | Found a shimmering altar of Xom.
  7810 | D:8      | 7810 ||| INVOKING Heroism.
  7973 | D:8      | Found a viscous altar of Jiyva.
  7974 | D:8      | 7974 ||| UPGRADING to +0 swamp dragon scales.
  7984 | D:8      | 7984 ||| DROPPING +0 steam dragon scales.
  8286 | D:9      | Noticed a two-headed ogre
  8287 | D:9      | 8287 ||| INVOKING Heroism.
  8301 | D:9      | Killed a two-headed ogre
  8314 | D:9      | Noticed a two-headed ogre
  8315 | D:9      | 8315 ||| INVOKING Heroism.
  8325 | D:9      | Killed a two-headed ogre
  8495 | D:9      | 8495 ||| INVOKING Heroism.
  8523 | D:9      | Reached skill level 13 in Ranged Weapons
  8641 | D:9      | 8641 ||| Stepping ~*~*~tactically~*~*~ (outnumbered).
  8930 | D:9      | 8930 ||| DRINKING 2 potions of curing.
  8930 | D:9      | 8930 ||| (to cure confusion)
  8939 | D:9      | Reached skill level 9 in Fighting
  9021 | D:9      | 9021 ||| UPGRADING to amulet of faith.
  9031 | D:9      | 9031 ||| UPGRADING to ring of resist corrosion.
  9032 | D:9      | 9032 ||| READING scroll labelled ZIOSHRUIMAZ.
  9033 | D:9      | 9033 ||| READING scroll labelled EXEUHI NENISOE.
  9047 | D:10     | Entered Level 10 of the Dungeon
  9069 | D:10     | Reached ** piety under Okawaru
  9183 | D:10     | 9183 ||| INVOKING Heroism.
  9203 | D:10     | HP: 22/91 [orc priest/nerve-wracking pain (13)]
  9204 | D:10     | 9204 ||| READING scroll of teleportation.
  9208 | D:10     | HP: 16/91 [orc/+0 hand axe (2)]
  9209 | D:10     | 9209 ||| INVOKING Heroism.
  9246 | D:10     | 9246 ||| INVOKING Heroism.
  9268 | D:10     | 9268 ||| INVOKING Heroism.
  9311 | D:10     | 9311 ||| INVOKING Heroism.
  9395 | D:10     | 9395 ||| INVOKING Heroism.
  9470 | D:10     | 9470 ||| SWAPPING to +0 orcbow.
  9471 | D:10     | 9471 ||| INVOKING Heroism.
  9501 | D:10     | 9501 ||| DROPPING +0 shortbow.
  9502 | D:10     | Found a staircase to the Orcish Mines.
  9566 | D:10     | 9566 ||| INVOKING Heroism.
  9630 | D:10     | 9630 ||| FLEEEEING.
  9633 | D:10     | 9633 ||| FLEEEEING.
  9637 | D:10     | 9637 ||| INVOKING Heroism.
  9674 | D:10     | Noticed a gargoyle
  9676 | D:10     | 9676 ||| INVOKING Heroism.
  9680 | D:10     | Reached XP level 11. HP: 52/97 MP: 10/13
  9688 | D:10     | Reached skill level 14 in Ranged Weapons
  9722 | D:10     | 9722 ||| INVOKING Heroism.
  9945 | D:10     | 9945 ||| INVOKING Heroism.
  9950 | D:10     | Reached skill level 6 in Armour
 10114 | D:10     | Noticed a sun demon
 10114 | D:10     | 10114 ||| INVOKING Heroism.
 10152 | D:10     | Noticed a two-headed ogre
 10153 | D:10     | 10153 ||| INVOKING Heroism.
 10158 | D:10     | Killed a two-headed ogre
 10443 | D:10     | 10443 ||| Stepping randomly (disturbance).
 10510 | D:10     | 10510 ||| UPGRADING to +0 pair of boots.
 10515 | D:10     | 10515 ||| READING 2 scrolls of identify.
 10515 | D:10     | 10515 ||| IDENTIFYING cyan potion
 10520 | D:11     | Noticed Erolcha
 10521 | D:11     | 10521 ||| INVOKING Heroism.
 10532 | D:11     | Killed Erolcha
 10791 | D:11     | 10791 ||| INVOKING Heroism.
 10873 | D:11     | 10873 ||| INVOKING Heroism.
 10903 | D:11     | You fall into a shaft and drop 3 floors!
 10924 | D:14     | Noticed a two-headed ogre
 10925 | D:14     | 10925 ||| INVOKING Heroism.
 10926 | D:14     | Noticed an ogre mage
 10928 | D:14     | Noticed a two-headed ogre
 10931 | D:14     | Noticed a two-headed ogre
 10931 | D:14     | Noticed a two-headed ogre
 10932 | D:14     | Reached skill level 15 in Ranged Weapons
 10933 | D:14     | Noticed a two-headed ogre
 10937 | D:14     | Killed a two-headed ogre
 10948 | D:14     | Killed a two-headed ogre
 10948 | D:14     | Reached *** piety under Okawaru
 10948 | D:14     | HP: 5/100 [two-headed ogre/+0 giant club (23)]
 10952 | D:14     | Mangled by a two-headed ogre

Levels and vault maps discovered:
D:1:      lightli_arrival_flooded_house, layout_rooms,
          hellmonk_ecumenical_altar_inner_sanctum
D:2:      layout_basic, basic_altar
D:3:      cheibrodos_greedy_goblins, layout_basic, st_stairs_11
D:4:      minmay_inner_zag, layout_basic, serial_undead, serial_undead_f,
          serial_undead_f, serial_undead_e, serial_undead_a, serial_undead_f,
          serial_undead_c, serial_undead_c, uniq_blork_the_orc
D:5:      layout_loops_ring, nicolae_wu_jian_wuxing_cycle, uniq_sigmund
D:6:      layout_gridville, hellmonk_no_cap
D:7:      layout_loops_cross, mainiacjoe_overflow_alcove_4,
          minmay_temple_entry_grid
D:8:      layout_loops_cross, chequers_temple_overflow_minitemple,
          gammafunk_ghost_ooze, minmay_strange_pillars, uniq_prince_ribbit1,
          uniq_maggie, uniq_pikel
D:9:      layout_loops_corners, kennysheep_cluttered_room
D:10:     layout_roguey, hiddenorc2_lemuel
D:11:     layout_loops_corners, erik_lair_orcish_takeover, uniq_erolcha
D:14:     layout_basic
Temple:   minmay_crystal_spiral_temple

Skill      XL: |  1  2  3  4  5  6  7  8  9 10 11 |
---------------+----------------------------------+-----
Ranged Weapons | 3 4 5 6 7 8 10 12 13 15 | 15.0
Fighting       | 2 3 4 5 7 8 9 10 | 10.2
Armour         | 1 2 3 5 7 |  7.7
Dodging        | 3 4 5 6 |  6.1
Invocations    | 1 4 |  4.6
Spellcasting   | |  1.0
Hexes          | |  2.0

Action                     |  1- 3 |  4- 6 |  7- 9 | 10-12 || total
---------------------------+-------+-------+-------+-------++-------
   Fire: Sling             |   115 |   208 |   359 |       ||   682
         Shortbow          |       |       |   128 |   323 ||   451
         Orcbow            |       |       |       |   195 ||   195
 Invoke: Heroism           |       |       |     5 |    23 ||    28
    Use: Scroll            |     3 |     3 |    14 |     4 ||    24
         Potion            |     2 |       |     7 |     1 ||    10
 Armour: Robe              |     5 |       |       |       ||     5
         Leather armour    |     6 |    16 |       |       ||    22
         Ring mail         |       |    94 |   103 |       ||   197
         Steam dragon scal |       |       |    31 |    11 ||    42
         Swamp dragon scal |       |       |       |    81 ||    81
  Dodge: Dodged            |    29 |   114 |   200 |   197 ||   540

Table legend:
 A = Non-vault XP
 B = Vault XP
 C = Vault XP percentage of total XP
 D = Non-vault monster count
 E = Vault monster count
 F = Vault count percentage of total count
                 A         B        C        D         E       F
            +---------+---------+-------+---------+---------+-------
      Total |   14366 |    3859 |  21.2 |     210 |      71 |  25.3
            +---------+---------+-------+---------+---------+-------
        D:1 |      38 |       0 |   0.0 |      23 |       0 |   0.0
        D:2 |      39 |       0 |   0.0 |      10 |       0 |   0.0
        D:3 |      62 |      31 |  33.3 |      20 |      10 |  33.3
        D:4 |     110 |     733 |  87.0 |      22 |      22 |  50.0
        D:5 |     716 |     231 |  24.4 |      19 |       1 |   5.0
        D:6 |     879 |      73 |   7.7 |      15 |       2 |  11.8
        D:7 |     610 |       0 |   0.0 |       8 |       0 |   0.0
        D:8 |    2098 |    1229 |  36.9 |      27 |       3 |  10.0
        D:9 |    2521 |       0 |   0.0 |      31 |       0 |   0.0
       D:10 |    4528 |     688 |  13.2 |      28 |      32 |  53.3
       D:11 |     827 |     874 |  51.4 |       3 |       1 |  25.0
       D:14 |    1938 |       0 |   0.0 |       4 |       0 |   0.0
            +---------+---------+-------+---------+---------+-------
